 Dungeon Crawl Stone Soup version 0.25.0-37-gb73750e0fb (webtiles) character file.

Game seed: 10564001800661704168

14 ANON1729 the Caller (level 2, -1/19 HPs)
             Began as a Mummy Summoner on July 8, 2020.
             Slain by an adder (3 damage)
             ... on level 1 of the Dungeon.
             The game lasted 00:02:04 (564 turns).

ANON1729 the Caller (Mummy Summoner)                 Turns: 564, Time: 00:02:05

Health: -1/19      AC:  3    Str: 11    XL:     2   Next: 31%
Magic:  3/6        EV: 12    Int: 14    God:
Gold:   63         SH:  0    Dex: 12    Spells: 6/7 levels left

rFire    x . .     SeeInvis .   g - +0 spear
rCold    + . .     Gourm    .   (no shield)
rNeg     + + +     Faith    .   a - +1 robe
rPois    ∞         Spirit   .   (no helmet)
rElec    .         Reflect  .   k - scarf {repulsion}
rCorr    .         Harm     .   (no gloves)
MR       .....                  (no boots)
Stlth    ++........             (no amulet)
HPRegen  0.06/turn              (no ring)
MPRegen  0.10/turn              (no ring)

@: repel missiles
A: no food or potions, fire vulnerability, cold resistance 1, negative energy
resistance 3, torment resistance, unbreathing
a: no special abilities


You were on level 1 of the Dungeon.
You were not hungry.

You visited 1 branch of the dungeon, and saw 2 of its levels.

You collected 63 gold pieces.

Inventory:

Hand Weapons
 f - a +0 short sword
 g - a +0 spear (weapon)
Armour
 a - a +1 robe (worn)
 k - a scarf of repulsion (worn)
Scrolls
 c - a scroll of identify {unknown}
 d - a scroll of remove curse {unknown}
 e - a scroll of random uselessness {unknown}
 h - a scroll of amnesia {unknown}
 i - a scroll of teleportation {unknown}
 j - a scroll of enchant weapon {unknown}


   Skills:
 + Level 1.7 Dodging
 + Level 1.7 Stealth
 + Level 3.0 Spellcasting
 + Level 3.5 Summonings


You had 6 spell levels left.
You knew the following spells:

 Your Spells              Type           Power        Failure   Level  Hunger
a - Summon Small Mammal   Summ           ##..         4%          1    N/A

Your spell library contained the following spells:

 Spells                   Type           Power        Failure   Level  Hunger
 Call Imp                 Summ           ##......     8%          2    N/A
 Call Canine Familiar     Summ           ##......     16%         3    N/A
 Summon Guardian Golem    Hex/Summ       #.......     30%         3    N/A
 Summon Ice Beast         Ice/Summ       #.......     71%         4    N/A
 Summon Lightning Spire   Summ/Air       #.......     71%         4    N/A

Dungeon Overview and Level Annotations

Branches:
Dungeon (2/15)

Altars:


Innate Abilities, Weirdness & Mutations

You do not eat or drink.
Your flesh is vulnerable to fire.
You are immune to poison.
Your flesh is cold resistant. (rC+)
You are immune to negative energy. (rN+++)
You are immune to unholy pain and torment.
You can survive without breathing.


Message History

Your bat dies!
Your bat's corpse disappears in a puff of smoke!
Your rat misses the adder.
The adder hisses angrily.
The adder bites your rat.
Your rat closely misses the adder.
As you read the scroll labeled EDUHAI GOIMI, it crumbles to dust.
It is a scroll of enchant armour.
Your +0 robe glows green for a moment.
The adder closely misses your rat.
The frilled lizard unfolds its giant frill.
The adder bites your rat.
Your rat dies!
Your rat's corpse disappears in a puff of smoke!
Something closely misses your rat. Something barely misses your rat.
Something closely misses your rat.
You hit the adder but do no damage. The adder misses you.
Casting: Summon Small Mammal (safe; 4% risk of failure)
Confirm with . or Enter, or press ? or * to list all spells.
The adder bites you.
You die...

......................[..........
........>.#...#.######...........
....##...#....#.# #.......(#(.
...######.....#.# #[.......#..
...#####.[.##.#.## #.......)#..
.........r.......#####........#..
...###§....#....r............(###
...# #.l####.##..###..........#
...###.#.l..rr.S@....#!.......#
##...#...##.#####.............#
####....##..# #####........(#
......#.#..## #.######.##
..###>#...## ####.######.#
.#....##.).# #........##.#
.#.###...#.## #........##.#
#..#...###..################.#
..##.######................#.####


You could see an adder, a frilled lizard, a rat and 2 friendly rats.

Vanquished Creatures
  A dart slug (D:2)
  2 goblins (D:1)
  A bat (D:1)
  A frilled lizard (D:1)
  5 kobolds
  3 rats (D:1)
13 creatures vanquished.

Vanquished Creatures (collateral kills)
  A giant cockroach (D:1)
  A goblin (D:1)
2 creatures vanquished.

Grand Total: 15 creatures vanquished

Notes
Turn   | Place    | Note
-------+----------+-------------------------------------------
     0 | D:1      | ANON1729 the Mummy Summoner began the quest for the Orb.
     0 | D:1      | Reached XP level 1. HP: 13/13 MP: 4/4
   370 | D:1      | Reached XP level 2. HP: 19/19 MP: 5/5
   564 | D:1      | Slain by an adder

Illustrated notes

Levels and vault maps discovered:
D:1:      wheals_arrival_shading, layout_rooms
D:2:      layout_loops_ring, overflow_temple_1_default,
          overflow_temple_1_default, minmay_pentomino_q2, uniq_jessica

Skill      XL: |  1  2 |
---------------+-------+-----
Spellcasting   | 3 |  3.0
Dodging        | |  1.7
Stealth        | |  1.7
Summonings     | |  3.5

Action                   || total
-------------------------++-------
Melee: Unarmed           ||    19
       Spear             ||    26
       Short sword       ||     1
 Cast: Summon Small Mamm ||    10
  Use: Scroll            ||     1
 Stab: Sleeping          ||     3
       Distracted        ||     1
Armor: Robe              ||     5
Dodge: Dodged            ||    39
